 Dungeon Crawl Stone Soup version 0.30-a0-457-g4b7bca3bfa (webtiles) character file.

Game seed: 3612969680330184457

56 MisterAzrael the Chopper (level 3, -7/31 HPs)
             Began as a Hill Orc Fighter on Dec 12, 2022.
             Killed by divine providence
             ... invoked by an orc priest
              (11 damage)
             ... on level 3 of the Dungeon.
             The game lasted 00:01:50 (1599 turns).

MisterAzrael the Chopper (Hill Orc Fighter)         Turns: 1599, Time: 00:01:50

Health: -7/31      AC:  6    Str: 24    XL:     3   Next: 95%
Magic:  3/3        EV:  9    Int: 10    God:
Gold:   107        SH:  4    Dex: 10    Spells: 2/2 levels left

rFire   . . .      SeeInvis .    q - +7 whip of Ignis's Displeasure {flame, rC+ Str+6}
rCold   + . .      Faith    .    c - +0 buckler
rNeg    + . .      Spirit   .    b - +0 scale mail
rPois   .          Reflect  .    (no helmet)
rElec   .          Harm     .    (no cloak)
rCorr   .          Rampage  .    (no gloves)
Will    .....                    (no boots)
Stlth   ..........               (no amulet)
HPRegen 0.25/turn                o - ring of positive energy
MPRegen 0.08/turn                s - +4 ring of slaying

@: no status effects
A: no striking features
a: Convert to Beogh


You were on level 3 of the Dungeon.
You visited 1 branch of the dungeon, and saw 3 of its levels.

You collected 107 gold pieces.

Inventory:

Hand Weapons
 a - a +0 war axe
 l - a +0 dagger of venom
 q - the +7 whip of Ignis's Displeasure (weapon) {flame, rC+ Str+6}
   (You found it on level 2 of the Dungeon)

   It burns those it strikes, dealing additional fire damage.
   Str:       It affects your strength (+6).
   rC:        It protects you from cold.
Armour
 b - a +0 scale mail (worn)
 c - a +0 buckler (worn)
Jewellery
 m - an amulet of guardian spirit
 o - a ring of positive energy (left hand)
 s - a +4 ring of slaying (right hand)
Scrolls
 g - a scroll of noise {unknown}
 k - a scroll of enchant weapon {unknown}
 n - a scroll of silence {unknown}
 p - 2 scrolls of identify {unknown}
Potions
 d - a potion of might
 e - a potion of haste {unknown}
 f - 2 potions of cancellation {unknown}
 h - a potion of flight {unknown}
 i - 2 potions of heal wounds
 j - 2 potions of degeneration {unknown}
 r - a potion of attraction {unknown}


   Skills:
 - Level 3.6 Fighting
 - Level 5.3(5.4) Axes
 * Level 0.8(2.8) Maces & Flails
 - Level 3.2 Armour
 - Level 3.2 Shields


You had 2 spell levels left.
You didn't know any spells.
Your spell library contained the following spells:

 Spells                   Type           Power      Damage    Failure   Level
 Slow                     Hex            0%         N/A       77%         1
 Confusing Touch          Hex            0%         N/A       98%         3
 Vampiric Draining        Necr           0%         2d6       98%         3


Dungeon Overview and Level Annotations

Branches:
Dungeon (3/15)

Altars:


Message History

You now have 107 gold pieces (gained 17).
An orc warrior comes into view. It is wielding a +0 halberd.
An orc warrior is nearby!
A hobgoblin comes into view.
The hobgoblin shouts!
You hear an angry hiss.
You hear a shout!
The orc warrior barely misses you.
You hear a shout!
Found 5 stones.
You block the orc warrior's attack.
An endoplasm comes into view.
An adder comes into view.
You see here a scroll labelled GOTREIWKOSS.
You barely miss the orc warrior.
The adder hisses angrily.
The endoplasm quivers.
The orc warrior hits you with a +0 halberd!
You hit the orc warrior. You burn the orc warrior.
The orc warrior is moderately wounded.
An orc comes into view. It is wielding a +0 war axe.
You block the orc warrior's attack.
An orc priest comes into view. It is wielding a +0 mace.
The orc shouts!
The orc priest shouts, "Join the one true god or die!" (press Y on the ability menu to convert to Beogh)
You hit the orc warrior but do no damage.
The orc warrior is moderately wounded.
You hear a shout!
You hit the orc warrior. You burn the orc warrior.
The orc warrior is moderately wounded.
The orc warrior hits you with a +0 halberd!
An orc wizard comes into view. It is wielding a +0 dagger.
The hobgoblin hits you.
* * * LOW HITPOINT WARNING * * *
It was a potion of heal wounds.
You feel much better.
The orc warrior hits you with a +0 halberd!
* * * LOW HITPOINT WARNING * * *
A dart slug comes into view.
The hobgoblin hits you.
* * * LOW HITPOINT WARNING * * *
The orc priest mumbles some strange prayers to Beogh against you.
Beogh smites you!
You die...

######..###.##
.)............
#####.)##.#.
#......#...
#........##
######..........
###..............#
##...####..........
#o@### ########...
..(.JSg## #..
......o #. ......o
....... .......
w...... .......


You could see an orc warrior, an orc priest, an adder, a dart slug, an orc, an
endoplasm and a hobgoblin.

Vanquished Creatures
  2 worms (D:2)
  An orc (D:3)
  5 endoplasms
  2 giant cockroaches (D:1)
  6 goblins
  2 hobgoblins (D:1)
  3 jackals (D:1)
  4 quokkas
  3 ball pythons
  3 bats
  4 frilled lizards
  5 kobolds
  8 rats
48 creatures vanquished.

Notes
Turn   | Place    | Note
-------+----------+-------------------------------------------
     0 | D:1      | MisterAzrael the Hill Orc Fighter began the quest for the
                  | Orb.
     0 | D:1      | Reached XP level 1. HP: 19/19 MP: 1/1
    25 | D:1      | Reached skill level 3 in Axes
    79 | D:1      | Reached XP level 2. HP: 15/26 MP: 2/2
   180 | D:1      | Reached skill level 4 in Axes
   518 | D:1      | Reached XP level 3. HP: 31/31 MP: 3/3
   822 | D:2      | Reached skill level 5 in Axes
  1280 | D:2      | Identified the +7 whip of Ignis's Displeasure {flame, rC+
                  | Str+6}
  1592 | D:3      | Noticed an orc warrior
  1599 | D:3      | Killed from afar by an orc priest

Illustrated notes

Levels and vault maps discovered:
D:1:      shiori_arrival_maze, layout_basic
D:2:      layout_basic, minmay_misc_feat_five, nicolae_wormholes
D:3:      layout_rooms

Skill      XL: |  1  2  3 |
---------------+----------+-----
Axes           | 3 4 5 |  5.3
Fighting       | |  3.6
Maces & Flails | |  0.8
Armour         | |  3.2
Shields        | |  3.2

Action                   || total
-------------------------++-------
Melee: War axe           ||    95
       Whip              ||    15
  Use: Potion            ||     1
Armor: Scale mail        ||    45
Dodge: Dodged            ||    53
Block: Buckler           ||    30

Table legend: (Time is in decaauts)
 A = Elapsed time spent in this place.
 B = Non-inter-level travel time spent in this place.
 C = Inter-level travel time spent in this place.
 D = Time resting spent in this place.
 E = Time spent auto-exploring this place.
 F = Levels seen in this place.
 G = Mean time per level.
                   A        B        C        D        E       F      G
               +--------+--------+--------+--------+--------+-----+--------+
         Total |   1628 |   1563 |     65 |    165 |   1097 |   3 |  542.7 |
       Dungeon |   1628 |   1563 |     65 |    165 |   1097 |   3 |  542.7 |
               +--------+--------+--------+--------+--------+-----+--------+

Top non-repeatable levels by time:
     D:1: 822 daAuts
     D:2: 665 daAuts
     D:3: 140 daAuts
